cohdb
Replays
Latest Replays
All Replays
Popular Replays
Top Player Replays
Match Explorer
How It Works
Community
CoH3 Stats
Reddit
Sign in to upload your games and track your stats! →
Sign in with Steam
Match 42524191
Unlisted
Match 42524191
Overview
Messages
Build Orders
End
Construct Barracks
Selects Airborne Battlegroup
Selects Heavy Machine Gun Paradrop
Heavy Machine Gun Paradrop
Riflemen Squad
Riflemen Squad
Selects Recon Loiter
Selects Paratrooper Squad Paradrop
Infantry Support Center
Construct Weapon Support Center
Paratrooper Squad Paradrop
M3 Armored Personnel Carrier
Grenade Package
Construct Tank Depot
Paratrooper Squad Paradrop
Selects Recon Loiter
Selects Anti-tank Gun Team Paradrop
Anti-tank Gun Team Paradrop
M4A1 Sherman Medium Tank
Selects Supply Drop
M18 Hellcat Tank Destroyer
Engineer Squad
Recon Loiter
A_Smoove
Tib'vorak
JAMMIN
comando_Zoé
Jonni
Mr P
ChoSweppeS
Chuy704
0
0
Comments
sign in to comment!
No comments posted yet!